 Dungeon Crawl Stone Soup version 0.23.0-2-g0fe3ce5 (console) character file.

Game seed: 16007271494392132045

37 bli the Slasher (level 3, -2/29 HPs)
             Began as a Formicid Abyssal Knight on Feb 19, 2019.
             Was a Follower of Lugonu.
             Slain by Natasha (6 damage)
             ... on level 2 of the Dungeon.
             The game lasted 00:03:04 (1079 turns).

bli the Slasher (Formicid Abyssal Knight)           Turns: 1079, Time: 00:03:04

Health: -2/29      AC:  3    Str: 16    XL:     3   Next: 60%
Magic:  4/4        EV: 11    Int: 11    God:    Lugonu [*.....]
Gold:   101        SH:  0    Dex: 11    Spells: 2/2 levels left

rFire    . . .     SeeInvis +   a - +1 falchion
rCold    . . .     Gourm    .   (no shield)
rNeg     . . .     Faith    .   b - +0 leather armour
rPois    .         Spirit   .   (helmet unavailable)
rElec    .         Reflect  .   (no cloak)
rCorr    .         Harm     .   (no gloves)
MR       .....                  (no boots)
Stlth    +.........             (no amulet)
HPRegen  0.09/turn              (no ring)
MPRegen  0.09/turn              (no ring)

@: no status effects
A: permanent stasis, dig shafts and tunnels, four strong arms, antennae 3
a: Dig, Shaft Self, Depart the Abyss, Renounce Religion


You were on level 2 of the Dungeon.
You worshipped Lugonu.
Lugonu was aware of your devotion.
You were not hungry.

You visited 1 branch of the dungeon, and saw 2 of its levels.
You visited the Abyss 1 time.

You collected 101 gold pieces.

Inventory:

Hand Weapons
 a - a +1 falchion (weapon)
Missiles
 f - 56 stones (quivered)
Armour
 b - a +0 leather armour (worn)
Jewellery
 h - an uncursed ring of positive energy {unknown}
Scrolls
 d - a scroll of enchant armour {unknown}
Potions
 e - 3 potions of curing {unknown}
 i - a potion of lignification {unknown}
 j - 2 potions of heal wounds {unknown}
Comestibles
 c - 3 rations
 g - 2 chunks of flesh


   Skills:
 - Level 3.2 Fighting
 * Level 3.7 Long Blades
 - Level 2.1 Armour
 - Level 0.8 Dodging
 - Level 2.1 Invocations


You had 2 spell levels left.
You didn't know any spells.
Your spell library was empty.

Dungeon Overview and Level Annotations

Branches:
Dungeon (2/15)

Altars:

Annotations:
D:2 Natasha


Innate Abilities, Weirdness & Mutations

You cannot be hasted, slowed, berserked, paralysed or teleported.
You can dig through walls and to a lower floor.
Your four strong arms can wield two-handed weapons with a shield.
You have a pair of large antennae on your head. (SInv)


Message History

Natasha closely misses you. The goblin closely misses you.
You hit Natasha.
Natasha is severely wounded.
Natasha closely misses you. The goblin hits you with a +0 club.
You barely miss Natasha.
Natasha is severely wounded.
Natasha claws you. The goblin hits you with a +0 club.
You barely miss Natasha.
Natasha is severely wounded.
Natasha barely misses you. The goblin hits you with a +0 club.
* * * LOW HITPOINT WARNING * * *
Natasha claws you.
* * * LOW HITPOINT WARNING * * *
You hit Natasha but do no damage.
Natasha is severely wounded.
The goblin hits you but does no damage.
Natasha wildly gestures.
Natasha's front paws start to glow.
Natasha claws you.
You die...

#. #..... #
#. #.$#.##.#
#.##.....#.##
#...........#
#...#.....#.
#..###...###.
#..#.h#..#..
#<..@..!...#
#...g##...##
#....# ..#
#..#... .
...###..g#
##...#..#..#
###...###..
##### ##


You could see Natasha and a goblin.

Vanquished Creatures
  2 dart slugs (D:1)
  A leopard gecko (D:1)
  6 bats (D:1)
  A giant cockroach (D:1)
  A goblin (D:1)
  4 hobgoblins (D:1)
  4 jackals (D:1)
  A frilled lizard (D:1)
  5 kobolds (D:1)
  5 rats (D:1)
30 creatures vanquished.

Notes
Turn   | Place    | Note
-------+----------+-------------------------------------------
     0 | Abyss:1  | bli the Formicid Abyssal Knight began the quest for the
                  | Orb.
     0 | Abyss:1  | Reached XP level 1. HP: 18/18 MP: 2/2
    60 | Abyss:2  | Noticed a hungry ghost
    72 | Abyss:2  | Noticed a starcursed mass
    75 | D:1      | Escaped the Abyss
   383 | D:1      | Reached XP level 2. HP: 21/24 MP: 3/3
   463 | D:1      | Reached * piety under Lugonu
   516 | D:1      | Reached XP level 3. HP: 27/29 MP: 4/4
  1069 | D:2      | Noticed Natasha
  1079 | D:2      | Slain by Natasha

Skill      XL: |  1  2 |
---------------+-------+-----
Long Blades    | 3 |  3.7
Fighting       | |  3.2
Armour         | |  2.1
Dodging        | |  0.8
Invocations    | |  2.1

Action                   || total
-------------------------++-------
Melee: Falchion          ||    81
Invok: Depart the Abyss  ||     1
 Abil: Dig               ||     3
  Eat: Chunk             ||     1
Armor: Leather armour    ||    28
Dodge: Dodged            ||    71
       Rpst.: Falchion   ||    20
